 Dungeon Crawl Stone Soup version 0.31-a0-978-g1e143483b6 (webtiles) character file.

Game seed: 16627334220843535690

385 ragingrage the Slasher (level 6, -5/38 HPs)
             Began as a Tengu Warper on Oct 31, 2023.
             Slain by an iguana (11 damage)
             ... on level 3 of the Dungeon.
             The game lasted 00:03:57 (3283 turns).

ragingrage the Slasher (Tengu Warper)               Turns: 3283, Time: 00:03:58

Health: -5/38      AC:  3    Str:  8 (11) XL:     6   Next: 77%
Magic:  10/10      EV: 11    Int: 17 (20) God:
Gold:   98         SH:  0    Dex: 13 (15) Spells: 2/9 levels left

rFire   . . .        b - +1 dagger (venom)
rCold   . . .        (no shield)
rNeg    . . .        g - +0 leather armour
rPois   .            (helmet restricted)
rElec   .            (no cloak)
rCorr   .            (no gloves)
SInv    .            (boots unavailable)
Will    .....        (no amulet)
Stlth   +            t - +6 ring of intelligence
HPRegen 0.26/turn    (no ring)
MPRegen 0.12/turn

%: acrobat
@: no status effects
A: beak, talons 3, acrobatic
a: no special abilities


You were on level 3 of the Dungeon.
You visited 1 branch of the dungeon, and saw 4 of its levels.

You collected 126 gold pieces.
You spent 28 gold pieces at shops.

Inventory:

Hand Weapons
 a - a +0 falchion
 b - a +1 dagger of venom (weapon)
Missiles
 d - 7 darts of dispersal (quivered)
 e - 10 poisoned darts
Armour
 g - a +0 leather armour (worn)
Jewellery
 t - a +6 ring of intelligence (left hand)
Scrolls
 c - a scroll of blinking
 f - 2 scrolls of identify
 h - 3 scrolls of fog
 k - a scroll of fear
 n - 2 scrolls of immolation {unknown}
 q - a scroll of enchant armour {unknown}
 s - a scroll of teleportation {unknown}
 u - a scroll of vulnerability {unknown}
Potions
 l - a potion of resistance
 m - a potion of might
 o - a potion of enlightenment
 p - 2 potions of heal wounds
 r - a potion of lignification {unknown}


   Skills:
 - Level 4.0 Fighting
 * Level 6.6 Long Blades
 - Level 1.0 Throwing
 - Level 1.1 Armour
 - Level 2.1 Dodging
 - Level 2.0 Spellcasting
 - Level 2.4 Translocations


You had 2 spell levels left.
You knew the following spells:

 Your Spells              Type           Power      Damage    Failure   Level
a - Apportation           Tloc           18%        N/A       11%         1
b - Blink                 Tloc           18%        N/A       16%         2
c - Vhi's Electric Charg  Tloc/Air       10%        N/A       86%         4

Your spell library contained the following spells:

 Spells                   Type           Power      Damage    Failure   Level
 Lesser Beckoning         Tloc           18%        N/A       16%         2
 Jinxbite                 Hex            2%         N/A       38%         2
 Poisonous Vapours        Pois/Air       2%         N/A       38%         2
 Sublimation of Blood     Necr           1%         N/A       38%         2
 Wereblood                Tmut           1%         N/A       38%         2
 Teleport Other           Tloc           9%         N/A       30%         3
 Dazzling Flash           Conj/Hex       2%         N/A       63%         3
 Mephitic Cloud           Conj/Pois/Air  1%         N/A       63%         3
 Tukima's Dance           Hex            1%         N/A       63%         3
 Manifold Assault         Tloc           9%         N/A       71%         4
 Dimensional Bullseye     Hex/Tloc       2%         N/A       86%         4
 Iskenderun's Mystic Bla  Conj/Tloc      5%         2d3       86%         4
 Agony                    Necr           1%         N/A       100%        5
 Alistair's Intoxication  Tmut/Pois      0%         N/A       100%        5
 Freezing Cloud           Conj/Ice/Air   0%         6-21      100%        5
 Silence                  Hex/Air        0%         N/A       100%        5
 Summon Hydra             Summ           0%         N/A       100%        7


Dungeon Overview and Level Annotations

Branches:
Dungeon (4/15)
 Temple: D:4-7

Altars:
Nemelex Xobeh
Okawaru
Ru

Shops:
D:2 *   D:3 ?   D:4 =

Annotations:
D:3 Grinder, Ijyb


Innate Abilities, Weirdness & Mutations

You have a beak for a mouth.
You have claws for feet.
You can magically evade attacks while moving or waiting.


Message History

An adder comes into view.
The adder hisses angrily.
You hit the endoplasm.
The endoplasm is poisoned.
You claw the endoplasm, but do no damage.
You hear a shout!
You kill the endoplasm!
An iguana comes into view.
The iguana hisses angrily.
A kobold comes into view. It is wielding a +0 dagger.
The kobold shouts!
The hobgoblin barely misses you.
You hit the hobgoblin. Your kick misses the hobgoblin.
The hobgoblin hits you but does no damage.
You barely miss the hobgoblin. The adder bites you.
The hobgoblin hits you but does no damage.
You hit the hobgoblin but do no damage.
The hobgoblin is poisoned.
Your peck misses the hobgoblin. The adder bites you.
The adder completely misses you.
There is a stone staircase leading down here.
You barely miss the adder. You claw the adder.
The kobold hits you with a +0 dagger.
The iguana hisses menacingly.
The adder bites you.
You miss the adder. Your kick misses the adder.
You kill the hobgoblin!
The kobold hits you with a +0 dagger. The adder closely misses you.
You hit the adder.
The adder is poisoned.
You claw the adder.
You kill the adder!
The kobold barely misses you.
You hit the iguana but do no damage. Your peck misses the iguana.
The kobold hits you but does no damage.
You closely miss the iguana. Your kick misses the iguana. The iguana bites you!
You hit the iguana.
The iguana is poisoned.
Your peck misses the iguana. The kobold hits you but does no damage.
The iguana bites you!
* * * LOW HITPOINT WARNING * * *
You hit the iguana.
The iguana looks as sick as possible!
The kobold hits you with a +0 dagger.
* * * LOW HITPOINT WARNING * * *
The iguana bites you!
You die...

### ..# #.#
#.### #@K.#
#l#.#
...............
.......(....###
.....##..##.#
..... #..# .#
.... ...# ..
... .... . ...
....


You could see an iguana (extremely poisoned) and a kobold.

Vanquished Creatures
  2 phantoms (D:4)
  A jelly (D:4)
  Jessica (D:3)
  6 adders
  3 gnolls
  3 worms
  6 dart slugs
  An orc (D:4)
  6 ball pythons
  9 endoplasms
  A giant cockroach (D:2)
  3 hobgoblins
  9 jackals
  6 kobolds
  2 quokkas
  10 bats
  4 goblins
  2 rats
75 creatures vanquished.

Notes
Turn   | Place    | Note
-------+----------+-------------------------------------------
     0 | D:1      | ragingrage the Tengu Warper began the quest for the Orb.
     0 | D:1      | Reached XP level 1. HP: 12/12 MP: 4/4
   111 | D:1      | Reached XP level 2. HP: 11/17 MP: 6/6
   177 | D:1      | Reached skill level 3 in Long Blades
   532 | D:2      | Reached XP level 3. HP: 22/22 MP: 7/7
   725 | D:2      | Found a faded altar of an unknown god.
   742 | D:2      | Reached XP level 4. HP: 26/27 MP: 8/8
   803 | D:2      | Reached skill level 4 in Long Blades
  1097 | D:2      | Found Fekhlab's General Store.
  1100 | D:2      | Bought a scroll of identify for 28 gold pieces
  1353 | D:3      | Noticed Jessica
  1466 | D:3      | Killed Jessica
  1480 | D:2      | Reached XP level 5. HP: 32/32 MP: 9/9
  1567 | D:3      | Found a sparkling altar of Nemelex Xobeh.
  1793 | D:3      | Reached skill level 5 in Long Blades
  1837 | D:3      | Found Opraisuss's Magic Scroll Shop.
  1855 | D:3      | Noticed Grinder
  1858 | D:3      | Paralysed by Grinder for 4 turns
  2012 | D:3      | Noticed Ijyb
  2131 | D:4      | Learned a level 1 spell: Apportation
  2134 | D:4      | Learned a level 2 spell: Blink
  2139 | D:4      | Learned a level 4 spell: Vhi's Electric Charge
  2189 | D:4      | Found an iron altar of Okawaru.
  2191 | D:4      | Found a sacrificial altar of Ru.
  2206 | D:4      | Noticed a phantom
  2233 | D:4      | Killed a phantom
  2234 | D:4      | Reached XP level 6. HP: 26/38 MP: 10/10
  2314 | D:4      | Reached skill level 6 in Long Blades
  3003 | D:4      | Found Xeiffic's Jewellery Shop.
  3283 | D:3      | Slain by an iguana

Illustrated notes

Levels and vault maps discovered:
D:1:      dpeg_arrival_renting, layout_rooms
D:2:      layout_loops_ring, serial_shops, shop,
          shapermc_ecumenical_altar_mp_urbaneastern,
          nicolae_kite_square_tiling_tiny
D:3:      layout_basic, mainiacjoe_overflow_surrounded_room, serial_shops,
          nicolae_shop_trees, uniq_jessica, uniq_grinder, uniq_ijyb
D:4:      nicolae_cairo_tiling_very_big, layout_basic,
          nicolae_overflow_hidden_temple, serial_shops, kennysheep_mini

Skill      XL: |  1  2  3  4  5  6 |
---------------+-------------------+-----
Long Blades    | 3 4 5 6 |  6.6
Fighting       | 3 4 |  4.0
Throwing       | |  1.0
Armour         | |  1.1
Dodging        | |  2.1
Spellcasting   | |  2.0
Translocations | |  2.4

Action                     |  1- 3 |  4- 6 || total
---------------------------+-------+-------++-------
  Melee: Falchion          |    18 |    22 ||    40
         Kick              |    22 |    42 ||    64
         Peck              |     9 |    21 ||    30
         Dagger            |    48 |   125 ||   173
         Punch             |     1 |     1 ||     2
    Use: Scroll            |       |     5 ||     5
         Potion            |       |     3 ||     3
   Stab: Distracted        |       |     2 ||     2
 Armour: Leather armour    |    17 |    74 ||    91
  Dodge: Dodged            |    48 |   107 ||   155

Table legend: (Time is in decaauts)
 A = Elapsed time spent in this place.
 B = Non-inter-level travel time spent in this place.
 C = Inter-level travel time spent in this place.
 D = Time resting spent in this place.
 E = Time spent auto-exploring this place.
 F = Levels seen in this place.
 G = Mean time per level.
                   A        B        C        D        E       F      G
               +--------+--------+--------+--------+--------+-----+--------+
         Total |   3244 |   3093 |    151 |    664 |   1768 |   4 |  811.0 |
       Dungeon |   3244 |   3093 |    151 |    664 |   1768 |   4 |  811.0 |
               +--------+--------+--------+--------+--------+-----+--------+

Top non-repeatable levels by time:
     D:4: 1455 daAuts
     D:2: 832 daAuts
     D:1: 519 daAuts
     D:3: 437 daAuts
